 Dungeon Sprint DCSS version 0.29.1-12-g30fa7ad0bf (webtiles) character file.

Game seed: 12516551487038998212

23 Henri the Trooper (level 2, -1/27 HPs)
             Began as a Palentonga Berserker on Dec 17, 2022.
             Was a Follower of Trog.
             Slain by an ogre
             ... wielding a +0 giant spiked club
              (28 damage)
             ... in the Dungeon (Sprint I: "Red Sonja").
             The game lasted 00:00:53 (260 turns).

Henri the Trooper (Palentonga Berserker)             Turns: 260, Time: 00:00:54

Health: -1/27      AC:  4    Str: 22    XL:     2   Next: 72%
Magic:  2/2        EV:  9    Int:  7    God:    Trog [*.....]
Gold:   0          SH:  0    Dex:  9    Spells: 1/1 levels left

rFire   . . .      SeeInvis +   a - +0 hand axe
rCold   . . .      Faith    .   (no shield)
rNeg    . . .      Spirit   .   j - +0 leather armour
rPois   .          Reflect  .   (no helmet)
rElec   .          Harm     .   (no cloak)
rCorr   .          Rampage  .   (no gloves)
Will    .....      NoTele   +   (no barding)
Stlth   +.........              (no amulet)
HPRegen 0.09/turn               (no ring)
MPRegen 0.08/turn               (no ring)

@: no status effects
A: large, rugged brown scales 3, see invisible, deformed body, roll 1, armoured
tail
a: Rolling Charge, Renounce Religion, Berserk


You were in the Dungeon.
You worshipped Trog.
Trog was aware of your devotion.
You visited 1 branch

Inventory:

Hand Weapons
 a - a +0 hand axe (weapon)
Armour
 j - a +0 leather armour (worn)
Wands
 i - a wand of iceblast (8)
Scrolls
 h - a scroll of blinking
Potions
 c - a potion of curing
 d - a potion of heal wounds
 e - a potion of haste
 f - 2 potions of magic
 g - a potion of berserk rage


   Skills:
 + Level 4.5 Fighting
 * Level 4.5 Axes
 - Level 2.1 Armour
 - Level 2.2 Dodging


You had one spell level left.
You didn't know any spells.
Your spell library was empty.

Dungeon Overview and Level Annotations

Branches:
Dungeon (1/1)

Altars:


Innate Abilities, Weirdness & Mutations

You are completely covered in rugged brown scales. (AC +3, +7% HP)
You have supernaturally acute eyesight. (SInv)
Armour fits poorly on your strangely shaped body.
You can roll at nearby foes to attack.
You have a long armoured tail.


Message History

j - a +0 leather armour You feel a strong urge to attack something.
You feel sick.
You are no longer berserk.
You are exhausted.
You feel yourself slow down.
You feel sick.
There is an open door here.
You feel sick.
You feel sick.
You start removing your armour.
You continue taking off your +0 animal skin.
You feel sick.
You continue taking off your +0 animal skin.
You feel sick.
You are no longer poisoned.
You continue taking off your +0 animal skin. x2
You finish taking off your +0 animal skin.
You start putting on your armour.
You continue putting on your +0 leather armour. x5
You finish putting on your +0 leather armour.
You drop a +0 animal skin.
Unknown command.
You start resting.
You feel yourself speed up.
You start resting.
You recover from your berserk rage.
There is an open door here.
You start resting.
HP restored.
You open the door.
An ogre comes into view. It is wielding a +0 giant spiked club.
The ogre shouts!
Roll where?
Press: ? - help, Dir - move target, f - ogre
Aim: an ogre, wielding a +0 giant spiked club You roll forward with a clatter of scales!
You barely miss the ogre.
The ogre hits you with a +0 giant spiked club!!
Ouch! That really hurt!
You die...

##########
#<.#.☼@O.#
#.[').#..+
#..#####+#
#..# #..#
#..# #⌠⌠#
####


You could see an ogre.

Vanquished Creatures
  Ijyb (D)
1 creature vanquished.

Notes
Turn   | Place    | Note
-------+----------+-------------------------------------------
     0 | D        | Henri the Palentonga Berserker began the quest for the Orb.
     0 | D        | Reached XP level 1. HP: 19/19 MP: 1/1
     1 | D        | Noticed Ijyb
     8 | D        | Killed Ijyb
     9 | D        | Reached XP level 2. HP: 19/27 MP: 2/2
   259 | D        | Noticed an ogre
   260 | D        | Slain by an ogre

Illustrated notes

Levels and vault maps discovered:
D:        dungeon_sprint_1 [red_sonja_temple_1, red_sonja_temple_small_1]

Skill      XL: |  1 |
---------------+----+-----
Fighting       | 4 |  4.5
Axes           | 4 |  4.5
Armour         | 2 |  2.1
Dodging        | 2 |  2.2

Action                   || total
-------------------------++-------
Melee: Hand axe          ||     6
       Tailslap          ||     1
Invok: Berserk           ||     1
 Abil: Rolling Charge    ||     2
Armor: Animal skin       ||     1
Dodge: Dodged            ||     2
